AoeStats
← Hsgdup!!!!

Hideout

508515044Analyzed
1v1 RM · 9d ago on Sep 22, 2026· 17m 20s· 2 players
Game mode
Random Map
Map size
Tiny (2 player)
Population
200
Speed
Normal
Resources
Standard
Victory
Conquest
Starting age
Dark Age
Ending age
Imperial Age
RankedLock teamsTeams togetherTeam positionsShared explorationLock speedFull tech treeHidden civsTurbo modeCheats
Victory
Defeat
🇦🇷 Sicilians · Argentina
931
+16
🇬🇧 Spanish · United Kingdom
927
-16
OhImAHarry
11:35 Feudal Age
13:13 Double-Bit Axe
13:58 Horse Collar
16:21 Castle Age
16:36 Padded Archer Armor
17:30 Loom
Hsgdup!!!!
11:02 Feudal Age
10:51 Loom
11:37 Double-Bit Axe
Connection lost

Rejoining the realm…

Still unreachable

The connection could not be restored.

Session expired

The server has moved on; the page needs a fresh start.